[Event "ICC tourney 2181 (40 10)"]
[Site "Internet Chess Club"]
[Date "2020.12.06"]
[Round "5"]
[White "keb2020"]
[Black "avats"]
[Result "0-1"]
[ICCResult "White checkmated"]
[WhiteElo "1832"]
[BlackElo "1589"]
[Opening "Van't Kruijs opening"]
[ECO "A00"]
[Time "20:02:24"]
[PlyCount "164"]
[TimeControl "2400+10"]


1. e3 e6 2. b3 d5 3. Bb2 Nf6 4. Nf3 Be7 5. c4 c6 6. Be2 O-O 7. O-O Nbd7 8.
d3 Re8 9. Nbd2 Nf8 10. cxd5 exd5 11. Qc2 Bf5 12. Rad1 Qa5 13. Nd4 Bg6 14.
f4 Ba3 15. f5 Bh5 16. Bxh5 Nxh5 17. g4 Nf6 18. g5 N6d7 19. Rf3 Bxb2 20.
Qxb2 f6 21. gxf6 Nxf6 22. Rg3 Qc7 23. Kh1 Kh8 24. Rdg1 Re7 25. Nf1 Rae8 26.
Qg2 Qd7 27. Qh3 Qc7 28. Nf3 Qd7 29. Qg2 Qxf5 30. Rg4 Nxg4 31. Qxg4 Qxg4 32.
Rxg4 Nd7 33. Kg2 Ne5 34. Nxe5 Rxe5 35. d4 R5e7 36. h4 Kg8 37. h5 h6 38. Ng3
Rxe3 39. Nf5 Re2+ 40. Kf1 Re1+ 41. Kf2 R8e2+ 42. Kf3 Rf1+ 43. Kxe2 Rxf5 44.
Rh4 Kf7 45. Ke3 g6 46. hxg6+ Kxg6 47. Rg4+ Rg5 48. Rf4 h5 49. Rf8 h4 50.
Kf4 Rh5 51. Rg8+ Kf6 52. Kg4 Rh7 53. Kh3 Kf5 54. Ra8 a6 55. a4 Ke4 56. b4
Kxd4 57. b5 axb5 58. a5 b4 59. Ra7 Kc5 60. a6 Kb6 61. axb7 Kxa7 62. b8=Q+
Kxb8 63. Kg4 h3 64. Kf5 h2 65. Ke6 h1=Q 66. Kd6 Qh2+ 67. Kc5 Qc2+ 68. Kd6
Qg6+ 69. Kc5 b3 70. Kb6 Qd6 71. Ka6 Ra7+ 72. Kb6 Qb4+ 73. Kxc6 Rc7+ 74.
Kxd5 Qc5+ 75. Ke6 b2 76. Kf6 Qc6+ 77. Ke5 b1=Q 78. Kd4 Rd7+ 79. Ke5 Qce4+
80. Kf6 Qf1+ 81. Kg5 Qeg2+ 82. Kh6 Qfh1# { White checkmated } 0-1

[Event "ICC tourney 2181 (40 10)"]
[Site "Internet Chess Club"]
[Date "2020.12.06"]
[Round "5"]
[White "yanje03"]
[Black "marinaxiao"]
[Result "1-0"]
[ICCResult "Black resigns"]
[WhiteElo "1452"]
[BlackElo "1556"]
[Opening "Sicilian: Nimzovich-Rossolimo attack (without ...d6)"]
[ECO "B30"]
[NIC "SI.31"]
[Time "20:01:33"]
[PlyCount "77"]
[TimeControl "2400+10"]


1. e4 c5 2. Nf3 Nc6 3. Bb5 e6 4. O-O Nf6 5. d3 Be7 6. Nc3 O-O 7. Bf4 Nh5 8.
Be3 d5 9. exd5 exd5 10. Bxc6 bxc6 11. Ne5 Nf6 12. Nxc6 Qc7 13. Nxe7+ Qxe7
14. Bg5 Bb7 15. Re1 Qd6 16. Qf3 d4 17. Qxb7 dxc3 18. bxc3 Ng4 19. g3 Qg6
20. Be7 Qh5 21. Qg2 Rfe8 22. h3 Nh6 23. g4 Qg6 24. Bxc5 f5 25. g5 Nf7 26.
h4 h6 27. f4 Qh5 28. gxh6 Qxh6 29. Bd4 Red8 30. Re6 Qh7 31. Bxg7 Qxg7 32.
Rg6 Qxg6 33. Qxg6+ Kf8 34. Qxf5 Ke7 35. Re1+ Kf8 36. Kh2 Rd6 37. Re6 Rxe6
38. Qxe6 Re8 39. Qg4 { Black resigns } 1-0

[Event "ICC tourney 2181 (40 10)"]
[Site "Internet Chess Club"]
[Date "2020.12.06"]
[Round "5"]
[White "vvguys2"]
[Black "magicpup"]
[Result "1/2-1/2"]
[ICCResult "Game drawn by repetition"]
[WhiteElo "1554"]
[BlackElo "1522"]
[Opening "QGD: classical variation (5.Bf4)"]
[ECO "D37"]
[NIC "QO.04"]
[Time "20:01:39"]
[PlyCount "81"]
[TimeControl "2400+10"]


1. d4 d5 2. c4 e6 3. Nc3 Nf6 4. Nf3 Be7 5. Bf4 O-O 6. e3 b6 7. Bd3 Bb7 8.
O-O Nbd7 9. Re1 c5 10. Rc1 Rc8 11. cxd5 exd5 12. b3 cxd4 13. exd4 Bb4 14.
Bd2 Re8 15. Nb5 Rxe1+ 16. Qxe1 Bxd2 17. Rxc8 Qxc8 18. Qxd2 a6 19. Nd6 Qc7
20. Nxb7 Qxb7 21. Qe2 b5 22. Ne5 Nxe5 23. Qxe5 Qc8 24. h3 h6 25. Kh2 Qe6
26. Qb8+ Qe8 27. Qb7 Qe6 28. Qa8+ Ne8 29. a4 bxa4 30. bxa4 Qd6+ 31. g3 Kf8
32. Qxa6 Qb4 33. Qa7 Qd2 34. Qc5+ Kg8 35. Bb5 Qxf2+ 36. Kh1 Qf3+ 37. Kh2
Qf2+ 38. Kh1 Qf3+ 39. Kh2 Qf2+ 40. Kh1 Qf3+ 41. Kh2 { Game drawn by
repetition } 1/2-1/2

[Event "ICC tourney 2181 (40 10)"]
[Site "Internet Chess Club"]
[Date "2020.12.06"]
[Round "5"]
[White "lmperfectFocus"]
[Black "duckmaster07"]
[Result "1/2-1/2"]
[ICCResult "Game drawn by mutual agreement"]
[WhiteElo "1557"]
[BlackElo "1723"]
[Opening "Scandinavian (center counter) defense"]
[ECO "B01"]
[NIC "SD.01"]
[Time "20:01:31"]
[PlyCount "77"]
[TimeControl "2400+10"]


1. e4 d5 2. exd5 Qxd5 3. Nc3 Qa5 4. d4 Nf6 5. Bd2 c6 6. Nf3 Bf5 7. Bc4 e6
8. Qe2 Qc7 9. O-O-O Nbd7 10. h3 O-O-O 11. g4 Bg6 12. Nh4 Nb6 13. Nxg6 hxg6
14. Bb3 Rxd4 15. Be3 Rxd1+ 16. Kxd1 Bb4 17. Na4 Nxa4 18. Bxa4 Kb8 19. Kc1
Nd5 20. Bd4 Rg8 21. c4 Qf4+ 22. Be3 Nxe3 23. fxe3 Qe4 24. Rf1 Rf8 25. Bc2
Qe5 26. a3 Bc5 27. Rf3 f5 28. e4 Bd4 29. Bd3 Ka8 30. Qc2 f4 31. Qe2 c5 32.
Qc2 g5 33. Qe2 Rc8 34. Bb1 Rd8 35. Rd3 Rd6 36. b3 a5 37. a4 Rb6 38. Kd1 Rb4
39. Bc2 { Game drawn by mutual agreement } 1/2-1/2

[Event "ICC tourney 2181 (40 10)"]
[Site "Internet Chess Club"]
[Date "2020.12.06"]
[Round "5"]
[White "Fischeresque930"]
[Black "michaelxiao"]
[Result "1/2-1/2"]
[ICCResult "Game drawn by mutual agreement"]
[WhiteElo "1781"]
[BlackElo "1318"]
[Opening "French: advance, Paulsen attack"]
[ECO "C02"]
[NIC "FR.03"]
[Time "20:01:42"]
[PlyCount "98"]
[TimeControl "2400+10"]


1. e4 e6 2. d4 d5 3. e5 c5 4. c3 Nc6 5. Nf3 Qb6 6. a3 a5 7. b3 cxd4 8. cxd4
Nge7 9. Be3 Nf5 10. Be2 Be7 11. O-O O-O 12. g4 Nxe3 13. fxe3 Qd8 14. Nc3
Bg5 15. Qd3 b6 16. Kh1 Ba6 17. Qd2 Bxe2 18. Qxe2 Be7 19. Nb5 f6 20. exf6
Rxf6 21. g5 Rf5 22. h4 Qe8 23. Nc7 Qh5 24. Nxa8 Bxg5 25. Qg2 Bxe3 26. Rae1
Bxd4 27. Rxe6 Ne5 28. Rxe5 Bxe5 29. Nxb6 Rxf3 30. Rxf3 Qxh4+ 31. Qh3 Qe1+
32. Kg2 Qd2+ 33. Rf2 Qg5+ 34. Kf3 Qf4+ 35. Ke2 Qe4+ 36. Qe3 Qc2+ 37. Kf3
Qf5+ 38. Kg2 Qg4+ 39. Kf1 Qd1+ 40. Qe1 Qd3+ 41. Qe2 Qb1+ 42. Kg2 Qg6+ 43.
Kh1 Qh6+ 44. Kg1 Qg5+ 45. Rg2 Bd4+ 46. Kh1 Qc1+ 47. Kh2 Qh6+ 48. Kg3 Qg5+
49. Kh3 Qh6+ { Game drawn by mutual agreement } 1/2-1/2

[Event "ICC tourney 2181 (40 10)"]
[Site "Internet Chess Club"]
[Date "2020.12.06"]
[Round "5"]
[White "SanthoshA"]
[Black "BobbyFissure"]
[Result "1-0"]
[ICCResult "Black resigns"]
[WhiteElo "1541"]
[BlackElo "1466"]
[Opening "Sicilian: Najdorf, Byrne (English) attack"]
[ECO "B90"]
[NIC "SI.14"]
[Time "20:01:34"]
[PlyCount "95"]
[TimeControl "2400+10"]


1. e4 c5 2. Nf3 d6 3. d4 cxd4 4. Nxd4 Nf6 5. Nc3 a6 6. Be3 Qc7 7. Be2 Nc6
8. O-O e5 9. Nb3 Be6 10. f3 Be7 11. Qe1 Nb4 12. Rc1 O-O 13. a3 Nc6 14. Qf2
Nd7 15. Rfd1 f5 16. Nd5 Bxd5 17. exd5 f4 18. Bd2 Nd8 19. c4 Qb6 20. Qxb6
Nxb6 21. Bb4 Na4 22. Rd2 Rc8 23. Na1 b6 24. b3 Nc5 25. Bxc5 bxc5 26. b4
cxb4 27. axb4 Nb7 28. Nb3 Rc7 29. Ra2 a5 30. Nxa5 Bh4 31. Nc6 Nd8 32. Nxd8
Rxd8 33. c5 dxc5 34. Rxc5 Rcd7 35. Bc4 Bf6 36. Rc6 Kf8 37. b5 Rb7 38. Kf1
Re8 39. Raa6 e4 40. Re6 e3 41. Ke2 Rc8 42. Rac6 Ra8 43. d6 Ra1 44. Rc8+ Kf7
45. Re7+ Kg6 46. Rxb7 Bc3 47. Bf7+ Kh6 48. Rxc3 { Black resigns } 1-0

[Event "ICC tourney 2181 (40 10)"]
[Site "Internet Chess Club"]
[Date "2020.12.06"]
[Round "5"]
[White "Davide25"]
[Black "krishghosh"]
[Result "1/2-1/2"]
[ICCResult "Game drawn by the 50 move rule"]
[WhiteElo "1390"]
[BlackElo "1520"]
[Opening "Queen's pawn: Charlick (Englund) gambit"]
[ECO "A40"]
[NIC "QO.17"]
[Time "20:02:04"]
[PlyCount "212"]
[TimeControl "2400+10"]


1. d4 e5 2. dxe5 Nc6 3. Nf3 Qe7 4. Nc3 Nxe5 5. e4 h6 6. Bf4 d6 7. Be2 Nf6
8. O-O g6 9. Qd2 Bg7 10. h3 h5 11. Rad1 O-O 12. Bg5 Be6 13. Nd5 Bxd5 14.
exd5 Qd7 15. Be3 Rfe8 16. c4 Rad8 17. b3 Nxf3+ 18. Bxf3 Ne4 19. Qc2 Qf5 20.
Rfe1 Nf6 21. Qxf5 gxf5 22. Bg5 Rxe1+ 23. Rxe1 Re8 24. Rxe8+ Nxe8 25. Bxh5
Nf6 26. Bxf6 Bxf6 27. Kf1 f4 28. Ke2 Be5 29. Kf3 f6 30. g3 fxg3 31. fxg3
Kg7 32. Bg4 Kg6 33. h4 f5 34. Bh3 b6 35. h5+ Kxh5 36. Bxf5 Kg5 37. Bd7 a5
38. g4 Bb2 39. Ke2 Kf4 40. Kd3 Kf3 41. Kc2 Be5 42. a3 Kf4 43. b4 axb4 44.
axb4 Kg5 45. Kb3 Bf4 46. Ka4 Bd2 47. Kb5 Bc3 48. Ka4 Bd2 49. Kb5 Bc3 50. c5
bxc5 51. bxc5 dxc5 52. Kxc5 Be5 53. Kc6 Bd6 54. Bf5 Kf6 55. Kd7 Kg5 56. Ke6
Bf4 57. Kf7 Bd6 58. Kg7 Be5+ 59. Kh7 Bd6 60. Kg7 Be5+ 61. Kf7 Bd6 62. Ke6
Bf4 63. Kd7 Bd6 64. Ke6 Bf4 65. Kd7 Bd6 66. Kc8 Be5 67. Kd7 Bd6 68. Ke6 Bf4
69. Kf7 Bd6 70. Kg7 Be5+ 71. Kf7 Bd6 72. Ke6 Bf4 73. Kf7 Bd6 74. Ke8 Bg3
75. Bc8 Bd6 76. Bf5 Bf4 77. Kd8 Bd6 78. Kd7 Be5 79. Be6 Bd6 80. Bf5 Be5 81.
Kc6 Bd6 82. Kb7 Be5 83. Kc8 Bd6 84. Kd8 Be5 85. Kd7 Bd6 86. Kc6 Be5 87. Kd7
Bd6 88. Ke8 Be5 89. Kd7 Bd6 90. Ke6 Bf4 91. Kd7 Bd6 92. Kc6 Bf4 93. Kd7 Bd6
94. Kc6 Be5 95. Kb7 Bd6 96. Kc6 Be5 97. Kb5 Bd6 98. Kc4 Be5 99. Kd3 Bf4
100. Ke4 Bd6 101. Kd3 Be5 102. Kc4 Bd6 103. Kb5 Be5 104. Kc6 Bd6 105. Kd7
Be5 106. Ke8 Bd6 { Game drawn by the 50 move rule } 1/2-1/2

[Event "ICC tourney 2181 (40 10)"]
[Site "Internet Chess Club"]
[Date "2020.12.06"]
[Round "5"]
[White "ybabji"]
[Black "Abhinac123"]
[Result "1-0"]
[ICCResult "Black checkmated"]
[WhiteElo "1854"]
[BlackElo "1463"]
[Opening "Giuoco Piano"]
[ECO "C53"]
[NIC "IG.02"]
[Time "20:01:27"]
[PlyCount "67"]
[TimeControl "2400+10"]


1. e4 e5 2. Nf3 Nc6 3. Bc4 Bc5 4. c3 d6 5. Bb3 Bg4 6. d3 Nf6 7. Nbd2 O-O 8.
Qe2 d5 9. h3 Be6 10. Bc2 d4 11. Nf1 Qe7 12. g4 dxc3 13. bxc3 Ba3 14. Ng3
Bxc1 15. Rxc1 Qa3 16. O-O Bxa2 17. Ra1 Qxc3 18. Rxa2 Nb4 19. Ra4 b5 20.
Rxb4 Qxb4 21. Nxe5 Qc5 22. Nf3 a5 23. d4 Qb6 24. e5 Nd7 25. Qe4 g6 26. Qf4
Kg7 27. Qg5 Rg8 28. Nh5+ Kf8 29. Nf6 Nxf6 30. exf6 Ke8 31. Re1+ Kd7 32.
Qd5+ Qd6 33. Re7+ Kd8 34. Qxa8# { Black checkmated } 1-0

[Event "ICC tourney 2181 (40 10)"]
[Site "Internet Chess Club"]
[Date "2020.12.06"]
[Round "5"]
[White "AbleCompany"]
[Black "Jim1108"]
[Result "1-0"]
[ICCResult "Black checkmated"]
[WhiteElo "1568"]
[BlackElo "1732"]
[Opening "King's Indian: orthodox, Aronin-Taimanov, 9.Ne1"]
[ECO "E98"]
[NIC "KI.03"]
[Time "20:01:38"]
[PlyCount "89"]
[TimeControl "2400+10"]


1. d4 Nf6 2. c4 g6 3. Nc3 Bg7 4. e4 d6 5. Nf3 O-O 6. Be2 e5 7. O-O Nc6 8.
d5 Ne7 9. Ne1 Nd7 10. Be3 f5 11. f3 Nf6 12. g4 fxg4 13. fxg4 Qd7 14. g5 Ng4
15. Bxg4 Qxg4+ 16. Qxg4 Rxf1+ 17. Kxf1 Bxg4 18. c5 a6 19. cxd6 cxd6 20. Na4
Bh3+ 21. Ke2 Rc8 22. Kd2 b5 23. Nc3 Kf7 24. Nd3 Ng8 25. a4 Bg2 26. axb5
axb5 27. Nxb5 Bf8 28. Ra7+ Ke8 29. Nc7+ Kd8 30. Ne6+ Ke8 31. Nf2 h5 32.
gxh6 Bxh6 33. Ng4 Bxe3+ 34. Kxe3 Rb8 35. Rg7 Rb3+ 36. Kd2 Rxb2+ 37. Kc3 Ra2
38. Rxg8+ Kd7 39. Rg7+ Kc8 40. Rc7+ Kb8 41. Nf6 Bh3 42. Nd7+ Ka8 43. Nd8
Rxh2 44. Nc6 Bxd7 45. Ra7# { Black checkmated } 1-0

[Event "ICC tourney 2181 (40 10)"]
[Site "Internet Chess Club"]
[Date "2020.12.06"]
[Round "5"]
[White "SultanofBling"]
[Black "funpawn"]
[Result "0-1"]
[ICCResult "White forfeits on time"]
[WhiteElo "1809"]
[BlackElo "1765"]
[Opening "Queen's pawn: London system"]
[ECO "A45"]
[NIC "QP.07"]
[Time "20:01:42"]
[PlyCount "98"]
[TimeControl "2400+10"]


1. d4 Nf6 2. Bf4 e6 3. Nd2 c5 4. e3 Nc6 5. c3 d5 6. Bd3 Bd6 7. Bxd6 Qxd6 8.
f4 O-O 9. Ngf3 b6 10. O-O Bb7 11. Ne5 Ne7 12. g4 Ne4 13. Nef3 Rac8 14. a3
g6 15. Qe1 Kg7 16. h4 a5 17. h5 c4 18. Bc2 b5 19. Nxe4 dxe4 20. Ng5 f5 21.
h6+ Kg8 22. Rf2 Nd5 23. Rg2 b4 24. Bd1 bxc3 25. bxc3 Rb8 26. Ba4 Bc6 27.
Bd1 Rb7 28. gxf5 exf5 29. Bc2 Nf6 30. Qc1 Rfb8 31. Rb1 Rxb1 32. Bxb1 Ba4
33. Rb2 Bb3 34. Rg2 Rb6 35. Kh1 Qb8 36. Kh2 Qf8 37. Kg1 Qxh6 38. Qd2 Qf8
39. Qc1 Qe7 40. Ba2 Bxa2 41. Rxa2 a4 42. Nh3 Rb3 43. Nf2 Nd5 44. Nd1 h5 45.
Rg2 Kg7 46. Ra2 Qb7 47. Qd2 Qe7 48. Nb2 Rxc3 49. Nxa4 Rxe3 { White forfeits
on time } 0-1

[Event "ICC tourney 2181 (40 10)"]
[Site "Internet Chess Club"]
[Date "2020.12.06"]
[Round "5"]
[White "orwind"]
[Black "couchpotato26"]
[Result "0-1"]
[ICCResult "White resigns"]
[WhiteElo "1620"]
[BlackElo "1858"]
[Opening "Ruy Lopez: Berlin defense, open variation"]
[ECO "C67"]
[NIC "RL.07"]
[Time "20:01:34"]
[PlyCount "99"]
[TimeControl "2400+10"]


1. e4 e5 2. Nf3 Nc6 3. Bb5 Nf6 4. O-O Nxe4 5. Re1 Nd6 6. Nxe5 Be7 7. Nxc6
dxc6 8. Bf1 O-O 9. d4 Be6 10. Bf4 Re8 11. Nd2 Qd7 12. c3 Rad8 13. h3 f6 14.
Nb3 b6 15. Bd3 Bf5 16. Bxf5 Nxf5 17. Qc2 Bd6 18. Bxd6 cxd6 19. Nd2 d5 20.
Nf3 c5 21. Qd2 c4 22. Rxe8+ Rxe8 23. Re1 Rb8 24. b3 cxb3 25. axb3 Rc8 26.
Rc1 Nd6 27. Qd3 b5 28. Nd2 Qe6 29. Kf1 a5 30. Re1 Qd7 31. Ra1 Ra8 32. Qc2
Qc6 33. Qb2 a4 34. bxa4 bxa4 35. Qc2 Nc4 36. Kg1 Nxd2 37. Qxd2 a3 38. Ra2
Qc4 39. f3 Qb3 40. Kf2 Kf7 41. g4 Rc8 42. Rc2 Rb8 43. Kg3 Qb1 44. Rc1 a2
45. Qf4 a1=Q 46. Rxb1 Qxb1 47. Qc7+ Kg8 48. Qc5 Qg1+ 49. Kf4 Qh2+ 50. Kf5 {
White resigns } 0-1

[Event "ICC tourney 2181 (40 10)"]
[Site "Internet Chess Club"]
[Date "2020.12.06"]
[Round "5"]
[White "kdbel"]
[Black "atevifred"]
[Result "1-0"]
[ICCResult "Black forfeits on time"]
[WhiteElo "1892"]
[BlackElo "1846"]
[Opening "Caro-Kann: classical, 6.h4"]
[ECO "B18"]
[NIC "CK.11"]
[Time "20:01:29"]
[PlyCount "81"]
[TimeControl "2400+10"]


1. e4 c6 2. d4 d5 3. Nc3 dxe4 4. Nxe4 Bf5 5. Ng3 Bg6 6. h4 h6 7. h5 Bh7 8.
Nf3 Nf6 9. Bd3 Bxd3 10. Qxd3 e6 11. Bd2 Nbd7 12. O-O-O Bd6 13. Ne4 Nxe4 14.
Qxe4 Nf6 15. Qe2 Qc7 16. Ne5 O-O-O 17. Kb1 Kb8 18. c4 Ka8 19. Rh3 c5 20.
Nf3 Rc8 21. Rc1 Rhd8 22. Bc3 Bf4 23. Rc2 Re8 24. Ne5 Bxe5 25. dxe5 Nd7 26.
Rg3 Rg8 27. Rd2 Nb6 28. b3 Nd7 29. Rd6 Nb8 30. Qd2 Qe7 31. Qf4 Nc6 32. Rgd3
Rgd8 33. Qd2 Re8 34. Rd7 Qf8 35. Qf4 Re7 36. R7d6 Ree8 37. Kb2 Red8 38. Rf3
Rc7 39. a3 Rcd7 40. Rfd3 Qe7 41. Qd2 { Black forfeits on time } 1-0